 Dungeon Crawl Stone Soup version 0.31.0-12-g77e489cdc1 (webtiles) character file.

Game seed: 24734950390320922

162 Metae the Shield-Bearer (level 5, 0/47 HPs)
             Began as a Minotaur Fighter on Mar 3, 2024.
             Slain by an orc priest
             ... wielding a +0 club
              (2 damage)
             ... on level 4 of the Dungeon.
             The game lasted 00:03:45 (2170 turns).

Metae the Shield-Bearer (Minotaur Fighter)          Turns: 2170, Time: 00:03:46

Health: 0/47       AC:  7    Str: 23    XL:     5   Next: 19%
Magic:  4/4        EV: 10    Int:  5    God:
Gold:   161        SH:  4    Dex:  9    Spells: 4/4 levels left

rFire   . . .        a - +0 trident
rCold   . . .        c - +0 buckler
rNeg    . . .        b - +0 scale mail
rPois   .            (helmet restricted)
rElec   .            (no cloak)
rCorr   .            (no gloves)
SInv    .            (no boots)
Will    .....        (no amulet) Stlth
                     (no ring)
HPRegen 0.27/turn    (no ring)
MPRegen 0.09/turn

%: no passive effects
@: no status effects
A: horns 2, retaliatory headbutt
a: no special abilities


You were on level 4 of the Dungeon.
You visited 1 branch of the dungeon, and saw 4 of its levels.

You collected 161 gold pieces.

Inventory:

Hand Weapons
 a - a +0 trident (weapon)
Armour
 b - a +0 scale mail (worn)
 c - a +0 buckler (worn)
Wands
 n - a wand of roots (2)
Scrolls
 e - a scroll of silence {unknown}
 f - 2 scrolls of blinking {unknown}
 g - 5 scrolls of enchant armour {unknown}
 h - a scroll of teleportation {unknown}
 i - 5 scrolls of identify {unknown}
 j - a scroll of amnesia {unknown}
Potions
 d - a potion of might
 k - a potion of magic {unknown}
 l - a potion of invisibility {unknown}
 m - 2 potions of curing {unknown}
 o - 3 potions of heal wounds {unknown}


   Skills:
 + Level 4.5 Fighting
 + Level 3.5 Polearms
 + Level 4.5 Armour
 + Level 2.1 Dodging
 + Level 4.6 Shields


You had 4 spell levels left.
You didn't know any spells.
Your spell library contained the following spells:

 Spells                   Type           Power      Damage    Failure   Level
 Summon Small Mammal      Summ           0%         N/A       83%         1
 Call Canine Familiar     Summ           0%         N/A       99%         3
 Fugue of the Fallen      Necr           0%         N/A       99%         3
 Ozocubu's Armour         Ice            0%         N/A       99%         3
 Manifold Assault         Tloc           0%         N/A       100%        4
 Summon Blazeheart Golem  Fire/Summ      0%         N/A       100%        4


Dungeon Overview and Level Annotations

Branches:
Dungeon (4/15)
 Temple: D:4-7

Altars:
Ru


Innate Abilities, Weirdness & Mutations

You have a pair of horns on your head.
You reflexively headbutt those who attack you in melee.


Message History

There is a stone staircase leading up here.
You closely miss the quokka. You headbutt the quokka.
The quokka is moderately wounded.
The quokka closely misses you.
You puncture the quokka!
You kill the quokka!
The orc barely misses you. You furiously retaliate!
You headbutt the orc!
You kill the orc!
You hit the orc but do no damage. You headbutt the orc.
The orc is lightly wounded.
You barely miss the orc priest.
The orc priest invokes the aid of Beogh against you.
You barely resist. You block the orc's attack. The orc barely misses you.
The orc priest hits you with a +0 club.
You barely miss the orc priest.
You headbutt the orc priest, but do no damage.
The orc priest invokes the aid of Beogh against you.
Beogh smites you! The orc hits you but does no damage.
The orc closely misses you. The orc priest hits you with a +0 club.
You puncture the orc priest!
The orc priest is heavily wounded.
The orc priest hits you but does no damage.
You block the orc's attack. The orc hits you but does no damage.
The orc priest calls upon Beogh to heal the orc.
The orc's wounds heal themselves!
You closely miss the orc priest.
The orc priest is heavily wounded.
The orc priest calls down the wrath of Beogh upon you.
Beogh smites you!
* * * LOW HITPOINT WARNING * * *
The orc hits you but does no damage. The orc hits you with a +0 hand axe.
* * * LOW HITPOINT WARNING * * *
The orc priest hits you with a +0 club.
* * * LOW HITPOINT WARNING * * *
The orc priest hits you with a +0 club.
* * * LOW HITPOINT WARNING * * *
The orc hits you but does no damage. You block the orc's attack.
The orc priest hits you but does no damage.
The orc priest hits you with a +0 club.
You die...

#. #....# #....##
..... ######
##.#########
#....####....>......
#...o†.............#
#..@o.........##...#
#..oo......†..8# .#
#.............##
#.............#
#....#######..##
#.........#...8#
###..####.....##
#...........#
.................#


You could see 2 orc priests and 2 orcs.

Vanquished Creatures
  4 gnolls (D:3)
  6 adders
  4 dart slugs
  A ribbon worm (D:2)
  3 orcs
  3 endoplasms
  A giant cockroach (D:2)
  7 goblins
  4 hobgoblins
  4 kobolds
  6 quokkas
  4 ball pythons
  4 bats
  2 frilled lizards
  6 rats
59 creatures vanquished.

Notes
Turn   | Place    | Note
-------+----------+-------------------------------------------
     0 | D:1      | Metae the Minotaur Fighter began the quest for the Orb.
     0 | D:1      | Reached XP level 1. HP: 19/19 MP: 0/0
   143 | D:1      | Reached XP level 2. HP: 27/27 MP: 1/1
   479 | D:1      | Reached skill level 1 in Dodging
   850 | D:2      | Reached XP level 3. HP: 29/33 MP: 2/2
  1439 | D:3      | Found a sacrificial altar of Ru.
  1559 | D:3      | Reached XP level 4. HP: 40/40 MP: 3/3
  1961 | D:3      | Reached XP level 5. HP: 34/47 MP: 4/4
  2169 | D:4      | HP: 2/47 [orc priest/+0 club (2)]
  2170 | D:4      | Slain by an orc priest

Illustrated notes

Levels and vault maps discovered:
D:1:      kennysheep_arrival_seaside, layout_loops_ring, serial_glass,
          glass_columns_c, glass_columns_b, item_on_display_a,
          minmay_crystal_room
D:2:      layout_basic
D:3:      layout_rooms, nicolae_ru_sacrificial_ziggurat
D:4:      minmay_recursive_quarters, layout_basic,
          mainiacjoe_overflow_boulevard, old_standard_altar, tso_altar,
          serial_corexii_hall, chequers_hall_statues_corner_a,
          chequers_hall_statues_wall_a, corexii_hall_statues_t, uniq_pargi

Skill      XL: |  1  2  3  4 |
---------------+-------------+-----
Dodging        | 1 2 |  2.1
Armour         | 4 |  4.5
Fighting       | 4 |  4.5
Shields        | 4 |  4.6
Polearms       | 3 |  3.5

Action                     |  1- 3 |  4- 6 || total
---------------------------+-------+-------++-------
  Melee: Trident           |    89 |    56 ||   145
         Headbutt          |    13 |     8 ||    21
 Armour: Scale mail        |    37 |    45 ||    82
  Dodge: Dodged            |    21 |    27 ||    48
  Block: Buckler           |    13 |    12 ||    25
